 Crawl Stoat Soup version 0.23-s1-79-g3c88d0fcf4 (console) character file.

135 hilarita the Ruffian (level 4, -3/41 HPs)
             Began as a Troll Summoner on Oct 9, 2020.
             Slain by a sky beast (6 damage)
             ... on level 3 of the Dungeon on Oct 10, 2020.
             The game lasted 00:09:16 (2141 turns).

hilarita the Ruffian (Troll Summoner)               Turns: 2141, Time: 00:09:17

Health: -3/41      AC:  6    Str: 17    XL:     4   Next: 97%
Magic:  4/4        EV: 10    Int: 13    God:
Gold:   158        SH:  0    Dex: 10    Spells: 4/5 levels left

rFire    . . .     SeeInvis .     - Unarmed
rCold    . . .     Gourm    +   (no shield)
rNeg     . . .     Faith    .   a - +1 robe
rPois    .         Spirit   .   (helmet restricted)
rElec    .         Warding  .   (no cloak)
rCorr    .         Reflect  .   (gloves unavailable)
MR       .....     Harm     .   (boots unavailable)
Stlth    +.........             (no amulet)
HPRegen  0.53/turn              m - +2 ring of intelligence
MPRegen  0.09/turn              (no ring)

@: no status effects
A: large, unfitting armour, claws 3, fast metabolism 3, gourmand, regeneration
1, shaggy fur 1, tough skin 2
a: no special abilities


You were on level 3 of the Dungeon.
You were completely stuffed.

You visited 1 branch of the dungeon, and saw 3 of its levels.

You collected 158 gold pieces.

Inventory:

Hand Weapons
 g - a +0 whip
 o - a +0 flail
Armour
 a - a +1 robe (worn)
Jewellery
 m - a +2 ring of intelligence (left claw)
Wands
 n - a wand of flame (24 charges)
Scrolls
 d - 4 scrolls of teleportation
 i - a scroll of amnesia
 p - a scroll of enchant armour
Potions
 e - a potion of lignification
 f - a potion of agility
 h - a potion of mutation
 k - a potion of flight {unknown}
 q - a potion of curing {unknown}
Comestibles
 b - 5 chunks of flesh
 c - 3 bread rations
 j - 2 meat rations
 l - 2 fruits


   Skills:
 + Level 1.6 Fighting
 + Level 2.5 Dodging
 - Level 1.0 Stealth
 * Level 3.1 Unarmed Combat
 - Level 1.2 Spellcasting
 - Level 2.9 Summonings


You had 4 spell levels left.
You knew the following spells:

 Your Spells              Type           Power        Failure   Level  Hunger
a - Summon Small Mammal   Summ           #...         9%          1    ##.....

Your spell library contained the following spells:

 Spells                   Type           Power        Failure   Level  Hunger
 Call Imp                 Summ           #.......     12%         2    ###....
 Call Canine Familiar     Summ           #.......     24%         3    ####...
 Summon Guardian Golem    Hex/Summ       #.......     41%         3    ####...
 Summon Ice Beast         Ice/Summ       #.......     83%         4    #####..
 Summon Lightning Spire   Summ/Air       #.......     83%         4    #####..


Dungeon Overview and Level Annotations

Branches:
Dungeon (3/15)

Altars:
Xom


Innate Abilities, Weirdness & Mutations

You are too large for most types of armour.
You have claws for hands.
Your metabolism is lightning-fast.
You like to eat raw meat.
Your natural rate of healing is unusually fast.
You are covered in fur. (AC +1)
You have very tough skin. (AC +2)


Message History

You barely miss the sky beast.
The sky beast is heavily wounded.
The sky beast hits you but does no damage.
You closely miss the sky beast.
The sky beast is heavily wounded.
The sky beast hits you. The sky beast shocks you.
You closely miss the sky beast.
The sky beast is heavily wounded.
The sky beast barely misses you.
You miss the sky beast.
The sky beast is heavily wounded.
The sky beast hits you. The sky beast shocks you.
* * * LOW HITPOINT WARNING * * *
Some of the chunks of flesh in your inventory have rotted away.
You scratch the sky beast but do no damage.
The sky beast is heavily wounded.
The sky beast hits you.
* * * LOW HITPOINT WARNING * * *
The sky beast shocks you.
You die...

#.#.# #............# #.#.###
#..(########.# #.#...# #..>#
#.....# #.###.## #.#.# #.#####
#......# #.#.# #.#
#......####.#.# #.#
#.......†...#.####.###
#......###.....#.....#####
#......###.....#.........#
#..............#.....###.#
##.....###.....Y@.....# #.#
.#.....#<#......#.)(..# #.#
.#######.#......#.....# #.#
.........#......#.....# #.#####
##########......####.####.....###
................# #.###..###....
####################.##.....[÷...
#............÷....#.####.####
#.#################.##.....## #.#
#.#...)...# #.# #.#.......#


You could see a sky beast.

Vanquished Creatures
  An orc priest (D:3)
  An adder (D:2)
  An ooze (D:2)
  4 worms
  2 dart slugs
  4 leopard geckos
  2 orcs (D:3)
  2 giant cockroaches (D:2)
  5 goblins
  10 hobgoblins
  4 jackals (D:1)
  A weasel (D:2)
  A ball python (D:2)
  12 bats
  4 frilled lizards
  7 kobolds
  12 rats
73 creatures vanquished.

Notes
Turn   | Place    | Note
-------+----------+-------------------------------------------
     0 | D:1      | hilarita the Troll Summoner began the quest for the Orb.
     0 | D:1      | Reached XP level 1. HP: 16/16 MP: 1/1
    56 | D:1      | Reached skill level 1 in Unarmed Combat
    72 | D:1      | Reached XP level 2. HP: 26/26 MP: 2/2
   514 | D:1      | Reached XP level 3. HP: 32/32 MP: 3/3
   718 | D:1      | Reached skill level 1 in Fighting
   718 | D:1      | Reached skill level 2 in Unarmed Combat
  1131 | D:2      | Reached XP level 4. HP: 41/41 MP: 4/4
  1681 | D:3      | Reached skill level 3 in Unarmed Combat
  1845 | D:3      | Found a shimmering altar of Xom.
  2125 | D:3      | Noticed a sky beast
  2140 | D:3      | HP: 4/41 [sky beast (6)]
  2141 | D:3      | Slain by a sky beast

Vault maps used:
D:1:      minmay_arrival_shattered_statue
D:2:      dk_noncrumbling_2
D:3:      old_standard_altar

Skill      XL: |  1  2  3  4 |
---------------+-------------+-----
Unarmed Combat | 1 2 3 |  3.1
Dodging        | 2 |  2.5
Fighting       | 1 |  1.6
Stealth        | |  1.0
Spellcasting   | |  1.2
Summonings     | |  2.9

Action                   |  1- 3 |  4- 6 || total
-------------------------+-------+-------++-------
Melee: Unarmed           |   161 |    94 ||   255
       Punch             |       |     1 ||     1
  Use: Scroll            |     9 |     1 ||    10
 Stab: Sleeping          |     2 |       ||     2
  Eat: Chunk             |    16 |     9 ||    25
Armor: Robe              |    68 |    31 ||    99
Dodge: Dodged            |    88 |    36 ||   124

Table legend:
 A = Spawn XP
 B = Non-spawn XP
 C = Spawn XP percentage of total XP
 D = Spawn monster count
 E = Non-spawn monster count
 F = Spawn count percentage of total count
 G = Total turns spent on level
                    A         B        C        D         E        F      G
               +---------+---------+-------+---------+---------+-------+---------
         Total |      13 |     181 |   6.7 |       5 |      68 |   6.8 |  2141
               +---------+---------+-------+---------+---------+-------+---------
           D:1 |       2 |      49 |   3.9 |       1 |      28 |   3.4 |   777
           D:2 |       0 |      54 |   0.0 |       0 |      23 |   0.0 |   629
           D:3 |      11 |      78 |  12.4 |       4 |      17 |  19.0 |   735
               +---------+---------+-------+---------+---------+-------+---------
